 Dungeon Crawl Stone Soup version 0.25-a0-992-gca090100c3 (webtiles) character file.

Game seed: 14461102631524746374, levelgen mode: deterministic

211 gruber the Sneak (level 5, -5/34 HPs)
             Began as an Octopode Assassin on May 10, 2020.
             Slain by an orc
             ... wielding a +3 mace of protection
              (6 damage)
             ... on level 3 of the Dungeon.
             The game lasted 00:02:51 (2475 turns).

gruber the Sneak (Octopode Assassin)                Turns: 2475, Time: 00:02:51

Health: -5/34      AC:  1    Str: 10    XL:     5   Next: 88%
Magic:  5/5        EV: 14    Int: 14    God:
Gold:   124        SH:  0    Dex: 14    Spells: 4/4 levels left

rFire    . . .     SeeInvis .   j - +4 spear (pain)
rCold    + . .     Gourm    .   (no shield)
rNeg     . . .     Faith    .   (helmet restricted)
rPois    .         Spirit   .   (no amulet)
rElec    .         Reflect  .   h - ring of protection from cold
rCorr    .         Harm     .   (no ring)
MR       .....                  (no ring)
Stlth    ++++......             (no ring)
HPRegen  0.11/turn              (no ring)
MPRegen  0.09/turn              (no ring)
                                (no ring)
                                (no ring)

@: no status effects
A: almost no armour, stealthy swim, amphibious, 8 rings, constrict 8, camouflage
1, gelatinous body 1
a: no special abilities


You were on level 3 of the Dungeon.
You were not hungry.

You visited 1 branch of the dungeon, and saw 3 of its levels.

You collected 124 gold pieces.

Inventory:

Hand Weapons
 j - a +4 spear of pain (weapon)
 s - a +4 dagger
Missiles
 b - 14 poisoned darts (quivered)
 c - 2 curare-tipped darts
 p - 7 javelins
Jewellery
 h - a ring of protection from cold (left tentacle)
 i - a +2 amulet of reflection {unknown}
Scrolls
 e - 2 scrolls of fear {unknown}
 f - 4 scrolls of identify {unknown}
 g - a scroll of enchant armour {unknown}
 k - a scroll of amnesia {unknown}
 m - a scroll of fog {unknown}
 n - a scroll of noise {unknown}
 r - a scroll of teleportation {unknown}
 t - a scroll of immolation {unknown}
Potions
 l - a potion of flight {unknown}
 o - a potion of cancellation {unknown}
 q - 2 potions of heal wounds {unknown}
Comestibles
 a - 9 chunks of flesh
 d - 10 rations


   Skills:
 - Level 2.0 Fighting
 - Level 2.0 Short Blades
 * Level 4.5 Polearms
 - Level 2.1 Throwing
 - Level 2.4 Dodging
 - Level 5.7 Stealth


You had 4 spell levels left.
You didn't know any spells.
Your spell library was empty.

Dungeon Overview and Level Annotations

Branches:
Dungeon (3/15)

Altars:
Dithmenos


Innate Abilities, Weirdness & Mutations

You cannot wear most types of armour.
You are very stealthy in the water. (Stealth+)
You are amphibious.
You can wear up to eight rings at the same time.
You can use your tentacles to constrict eight enemies at once.
Your skin changes colour to match your surroundings (Stealth+).
Your rubbery body absorbs attacks. (AC +1, EV +1)


Message History

You hit the orc wizard but do no damage.
The orc wizard is heavily wounded.
You constrict the orc wizard.
The orc wizard hits you with a +0 dagger.
* * * LOW HITPOINT WARNING * * *
The orc closely misses you. x2
You hit the orc wizard.
The orc wizard is heavily wounded.
You constrict the orc wizard.
The orc wizard hits you with a +0 dagger.
* * * LOW HITPOINT WARNING * * *
The orc barely misses you.
The orc wizard gestures at you while chanting.
The magic dart hits you.
* * * LOW HITPOINT WARNING * * *
Unknown command.
You completely miss the orc wizard. You squeeze the orc wizard.
You kill the orc wizard!
The orc hits you with a +3 mace of protection.
You die...

#...(...#
#.#######
#.##########
#^..#......#
###.##.###.#
#....# #.####
###### #....#
#######)##+####
#.[....@.......
#.....o)o......
#..............
#....$.........
#..............
#..............
#..............
#..............


You could see 2 orcs.

Vanquished Creatures
  A bullfrog (D:3)
  An orc priest (D:3)
  An orc wizard (D:3)
  2 adders (D:3)
  2 dart slugs (D:1)
  3 leopard geckos
  5 orcs (D:3)
  4 giant cockroaches
  4 goblins (D:2)
  12 hobgoblins
  3 jackals (D:3)
  3 kobolds (D:3)
  A quokka (D:2)
  A ball python (D:1)
  7 bats
  5 frilled lizards
  9 rats
64 creatures vanquished.

Notes
Turn   | Place    | Note
-------+----------+-------------------------------------------
     0 | D:1      | gruber the Octopode Assassin began the quest for the Orb.
     0 | D:1      | Reached XP level 1. HP: 14/14 MP: 1/1
   427 | D:1      | Reached XP level 2. HP: 16/19 MP: 2/2
   944 | D:1      | Reached XP level 3. HP: 20/24 MP: 3/3
  1401 | D:2      | Found a shadowy altar of Dithmenos.
  1632 | D:2      | Reached skill level 1 in Polearms
  2235 | D:3      | Reached XP level 4. HP: 29/29 MP: 4/4
  2325 | D:3      | Noticed a bullfrog
  2374 | D:3      | Killed a bullfrog
  2374 | D:3      | Reached XP level 5. HP: 34/34 MP: 5/5
  2474 | D:3      | HP: 1/34 [orc wizard/magic dart (5)]
  2475 | D:3      | Slain by an orc

Illustrated notes

Levels and vault maps discovered:
D:1:      dpeg_arrival_ratfight, layout_loops_ring, serial_bayou_lake_a
D:2:      layout_loops_ring, lemuel_crystal_altar, bh_chokoban
D:3:      layout_basic, first_ration, minmay_checkerbox

Skill      XL: |  1  2  3  4  5 |
---------------+----------------+-----
Dodging        | 2 |  2.4
Polearms       | 1 3 4 |  4.5
Fighting       | |  2.0
Short Blades   | |  2.0
Throwing       | |  2.1
Stealth        | |  5.7

Action                   |  1- 3 |  4- 6 || total
-------------------------+-------+-------++-------
Melee: Dagger            |    42 |       ||    42
       Tentacles         |    11 |     8 ||    19
       Constrict         |    13 |    11 ||    24
       Spear             |    26 |    50 ||    76
 Stab: Sleeping          |    10 |     3 ||    13
       Distracted        |       |     3 ||     3
  Eat: Chunk             |     4 |     1 ||     5
Armor: Skin              |     8 |     1 ||     9
Dodge: Dodged            |    22 |    29 ||    51

Table legend:
 A = Non-vault XP
 B = Vault XP
 C = Vault XP percentage of total XP
 D = Non-vault monster count
 E = Vault monster count
 F = Vault count percentage of total count
                 A         B        C        D         E       F
            +---------+---------+-------+---------+---------+-------
      Total |     289 |      13 |   4.3 |      55 |       9 |  14.1
            +---------+---------+-------+---------+---------+-------
        D:1 |      34 |       5 |  12.8 |      19 |       5 |  20.8
        D:2 |      24 |       0 |   0.0 |      14 |       0 |   0.0
        D:3 |     231 |       8 |   3.3 |      22 |       4 |  15.4
            +---------+---------+-------+---------+---------+-------
